[Event "*** Titled Tuesday Blitz"]
[Site "Chess.com"]
[Date "2018.04.03"]
[Round "2"]
[White "KNVB"]
[Black "OparinGrigoriy"]
[Result "1-0"]
[WhiteElo "2575"]
[BlackElo "2837"]
[TimeControl "180+2"]
[EndTime "13:25:48 PDT"]
[Termination "KNVB won by resignation"]

1. d4 Nf6 2. c4 e6 3. Nc3 Bb4 4.
e3 O-O 5. Ne2 d5 6. a3 Bd6 7. c5 Be7 8. b4 b6 9. Nf4 a5 10. Bd2 axb4 11. axb4 Rxa1 12. Qxa1 Nc6 13. Nd3 bxc5 14. bxc5 Bb7 15. Be2 Qd7 16. O-O Ra8 17. Qb2 Ba6 18. Ra1 Qc8 19. Be1 h6 20. h3 Nd7 21. f4 Nf6 22. Bh4 Ne4 23. Bxe7 Nxc3 24. Qxc3 Bxd3 25. Bxd3 Nxe7 26. Rb1 g6 27. Qb4 Kg7 28.
Kf2 h5 29. g4 hxg4 30. hxg4 Qh8 31. Kg3 Ng8 32. Qb2 Nf6 33. Qe2 Ra3 34. g5 Ng8 35.
Kg2 Ne7 36. Rh1 Qb8 37. Rd1 Qb3 38. Kf3 Ra2 39. Rd2 Ra1 40. Rb2 Qc3 41. Rb1 Ra3 42. Rd1 Qa5 43. Qd2 Qa4 44. Qc2 Qxc2 45. Bxc2 Nc6 46.
Bd3 Kf8 47. Ke2 Ke7 48. Rb1 Ra2+ 49. Kf3 Ra3 50. Ke2 Na5 51. Rb8 Nb3 52. Bb5 f5 53. Re8+ Kf7 54. Rc8 Ra7 55. Be8+ Kg7 56. Bd7 Kf7 57.
Re8 Ra2+ 58. Kf3 Nd2+ 59. Ke2 Nc4+ 60. Kf3 Ra6 61. c6 Nd2+ 62. Ke2 Ra2 63. Rxe6 Ne4+ 64. Kd1 Nc3+ 65. Ke1 Ne4 66. Re5 Ra1+ 67. Ke2 Ra2+ 68. Kd1 Ra1+ 69. Kc2 Ra2+ 70. Kb3 Re2 71. Be6+ Kg7 72.
Bxd5 Rxe3+ 73. Kb4 Rd3 74. Bxe4 Rxd4+ 75. Kc5 Rxe4 76. Rxe4 fxe4 77. Kd4 Kf7 78. Kxe4 Ke6 79. f5+ gxf5+ 80. Kf4 Kd6 81. Kxf5 Kxc6 82. g6 Kd5 83. g7 Kd4 84. g8=Q c5 85. Qa2 c4 86. Qc2 Ke3 1-0

[Event "*** Titled Tuesday Blitz"]
[Site "Chess.com"]
[Date "2018.04.03"]
[Round "2"]
[White "AkshatChandra"]
[Black "petrpalachev"]
[Result "1/2-1/2"]
[WhiteElo "2798"]
[BlackElo "2567"]
[TimeControl "180+2"]
[EndTime "13:26:06 PDT"]
[Termination "Game drawn by stalemate"]

1. d4 Nf6 2. Nf3 d5 3. c4 e6 4. Nc3 Bb4 5. Qb3 c5 6. dxc5 Na6 7. a3 Bxc3+ 8. Qxc3 Nxc5 9. cxd5 Qxd5 10. Be3 Nce4 11.
Qe5 Qxe5 12. Nxe5 Nd5 13. Bc1 Nc5 14. b4 Nb3 15. Rb1 Nxc1 16. Rxc1 f6 17. Nc4 Ke7 18.
e4 Nb6 19. Na5 Rd8 20. Be2 Rb8 21. O-O Na8 22. e5 Bd7 23. Bf3 b6 24. exf6+ gxf6 25. Nc6+ Bxc6 26. Rxc6 Rbc8 27. Rfc1 Rxc6 28. Rxc6 Kd7 29.
Rc4 Nc7 30. Rh4 Rh8 31. g4 Nb5 32. a4 Nc3 33. a5 Nd5 34. Bxd5 exd5 35. axb6 axb6 36.
f3 Ke6 37. Kf2 Rc8 38. Rxh7 Rc4 39. h4 Rxb4 40. h5 Rb2+ 41. Ke3 Rb3+ 42. Kf4 Rb4+ 43.
Kg3 d4 44. Kf4 d3+ 45. Ke3 Rd4 46. Kd2 Rf4 47. Kxd3 Rxf3+ 48. Ke4 Rb3 49. Rh8 Rb4+ 50. Kf3 Kf7 51. Rb8 Kg7 52. Rb7+ Kg8 53. Kg3 b5 54. h6 Rd4 55. Rg7+ Kh8 56. Rf7 Rd6 57. Rb7 b4 58. Kf4 Rd5 59. Rb6 b3 60. Rxb3 Kh7 61. Rb6 Kxh6 62.
Rxf6+ Kg7 63. Ra6 Rb5 64. Rd6 Rc5 65. Re6 Rb5 66. Ra6 Rc5 67. Kg3 Rb5 68. Kh4 Rc5 69.
Re6 Rb5 70. Kg3 Rc5 71. Kf4 Rb5 72. Re4 Kg6 73. Re6+ Kg7 74. Kg3 Ra5 75. Rb6 Rc5 76. Kh4 Rd5 77. Rb3 Kg6 78. Rf3 Rc5 79. Kg3 Kg5 80.
Ra3 Rb5 81. Rf3 Rc5 82. Rf8 Rc3+ 83. Rf3 Rxf3+ 84. Kxf3 Kg6 85. Kf4 Kf6 86. g5+ Kg6 87. Kg4 Kg7 88. Kh5 Kh7 89. g6+ Kg7 90. Kg5 Kg8 91. Kf5 Kg7 92. Kg5 Kg8 93. Kh4 Kg7 94. Kh5 Kg8 95. Kh6 Kh8 96. g7+ Kg8 97. Kg6 1/2-1/2

[Event "*** Titled Tuesday Blitz"]
[Site "Chess.com"]
[Date "2018.04.03"]
[Round "2"]
[White "pultineviciuspaulius"]
[Black "gkchesstiger"]
[Result "1/2-1/2"]
[WhiteElo "2613"]
[BlackElo "2749"]
[TimeControl "180+2"]
[EndTime "13:26:08 PDT"]
[Termination "Game drawn by repetition"]

1. Nf3 Nf6 2. g3 d5 3. Bg2 c6 4.
O-O Bf5 5. b3 e6 6. Bb2 Be7 7. d3 h6 8. Nbd2 Bh7 9. c4 O-O 10.
a3 a5 11. Qc2 Na6 12. Bc3 Qb6 13. Qb2 Rfd8 14. Rab1 Nc5 15. Bd4 Qa6 16. Ne5 Ne8 17.
Rfc1 Nd7 18. Nxd7 Rxd7 19. Nf3 Rdd8 20. Ra1 c5 21. Bc3 b5 22. cxd5 exd5 23. b4 c4 24. dxc4 bxc4 25. b5 Qb6 26. a4 Be4 27.
Nd4 Bxg2 28. Kxg2 Bf6 29. Rd1 Rd7 30. Nc6 Bxc3 31. Qxc3 Nf6 32. e3 Rd6 33. Rac1 Re8 34.
Qd4 Rxc6 35. bxc6 Qxc6 36. Rb1 Qxa4 37. Ra1 Qb5 38. Rdb1 Qa6 39. Qc5 a4 40. Rb6 Qa8 41. Qc6 Rc8 42. Qxa8 Rxa8 43. Rb4 a3 44. Ra2 Ne4 45.
Ra1 Nc3 46. Kf1 a2 47. Rb2 Ra3 48. Ke1 Rb3 49. Raxa2 Nxa2 50. Rxa2 g5 51. Ra5 Rd3 52. Rc5 Kg7 53. e4 dxe4 54. Rxc4 f5 55. g4 fxg4 56. Rxe4 h5 57. Kf1 Kf6 58. Kg2 Kf5 59. Ra4 h4 60. Ra5+ Kg6 61. Ra1 Rb3 62. Rc1 Rb2 63. Rc6+ Kh5 64.
Rc1 h3+ 65. Kg1 Kg6 66. Rc6+ Kf5 67. Rc5+ Ke4 68. Rc1 Kd3 69. Kf1 Kd2 70. Ra1 Rc2 71.
Re1 Kd3 72. Re3+ Kd4 73. Rg3 Rc1+ 74. Ke2 Rc2+ 75. Ke1 Rc1+ 76. Kd2 Rh1 77. Rxg4+ Ke5 78. Rxg5+ Kf4 79. Rg3 Rxh2 80. Ke2 Rh1 81. Ra3 h2 82. Rh3 Kg4 83. Rh8 Kf4 84. Rf8+ Kg4 85. Rg8+ Kf4 86. Rh8 Kg4 87. Rg8+ Kf4 88. Rh8 Kg4 89. Rg8+ 1/2-1/2

[Event "*** Titled Tuesday Blitz"]
[Site "Chess.com"]
[Date "2018.04.03"]
[Round "2"]
[White "TrimitziosP7"]
[Black "Indianlad"]
[Result "1/2-1/2"]
[WhiteElo "2608"]
[BlackElo "2767"]
[TimeControl "180+2"]
[EndTime "13:26:30 PDT"]
[Termination "Game drawn - insufficient material"]

1. Nf3 g6 2. c4 Bg7 3. Nc3 e5 4. g3 Nc6 5. Bg2 d6 6. O-O Nf6 7. d3 O-O 8. Rb1 a5 9. a3 Re8 10. Nd2 Nd4 11. b4 axb4 12. axb4 c6 13. Nb3 Nxb3 14. Qxb3 Be6 15. Qc2 h6 16. b5 d5 17.
bxc6 bxc6 18. cxd5 cxd5 19. Qd1 Qd7 20. Bd2 Rec8 21.
Rc1 Bh3 22. Qb3 Bxg2 23. Kxg2 Rcb8 24. Qc2 Rc8 25. Qb3 Rab8 26. Qa4 Qe6 27. Rb1 d4 28. Ne4 Nxe4 29. dxe4 Ra8 30. Qb3 Qxb3 31. Rxb3 Ra2 32. Rd1 Rcc2 33. Rd3 f5 34. Kf3 Kf7 35. g4 Ke6 36. h3 f4 37. e3 fxe3 38. fxe3 g5 39. Ke2 Bf6 40. Rb3 Rc6 41. exd4 exd4 42. Kd3 Be5 43.
Rdb1 Rcc2 44. Rb6+ Kd7 45. Rb7+ Kc8 46. Be1 Rh2 47. Kc4 d3 48. Kxd3 Rxh3+ 49. Kc4 Rc2+ 50. Kd5 Bc7 51. R7b3 Rh1 52. Bb4 Rhh2 53. Rf1 Bf4 54.
Rc3+ Rxc3 55. Bxc3 Kd7 56. Bg7 Rd2+ 57. Kc4 Ke6 58.
Ra1 Rd7 59. Ra6+ Kf7 60. Bxh6 Rd1 61. e5 Re1 62. Rf6+ Ke7 63. Rf5 Ke6 64. Bxg5 Bxe5 65.
Kd3 Rg1 66. Bf4 Bf6 67. Bg5 Rg3+ 68. Ke2 Bd4 69. Rf4 Be5 70. Ra4 Rg2+ 71. Kf1 Rg3 72.
Bd2 Rd3 73. Ke2 Rd4 74. Ra6+ Kf7 75. g5 Rd6 76. Ra5 Bg7 77. Bf4 Re6+ 78. Kf3 Kg6 79. Kg4 Bf8 80. Re5 Rxe5 81. Bxe5 Bh6 82. gxh6 Kxh6 1/2-1/2

[Event "*** Titled Tuesday Blitz"]
[Site "Chess.com"]
[Date "2018.04.03"]
[Round "2"]
[White "335394862"]
[Black "Albertu"]
[Result "0-1"]
[WhiteElo "2302"]
[BlackElo "2242"]
[TimeControl "180+2"]
[EndTime "13:26:50 PDT"]
[Termination "Albertu won by checkmate"]

1. e4 e5 2. Nf3 Nc6 3. Bc4 Nf6 4. d3 Bc5 5. O-O O-O 6. Nbd2 d5 7. exd5 Nxd5 8. Re1 Bg4 9. h3 Bh5 10. Ne4 Bb6 11.
Ng3 Bg6 12. c3 Qd6 13. Ne4 Qd7 14. Bd2 Rae8 15. b4 Kh8 16. Qb3 Nf4 17. Bxf4 exf4 18. Rad1 h6 19. Nc5 Bxc5 20. bxc5 Na5 21. Qb5 Qxb5 22.
Bxb5 c6 23. Ba4 Rxe1+ 24. Nxe1 Re8 25. Kf1 f6 26. Nf3 Bf7 27. Rd2 Rd8 28. Nd4 Rd5 29.
Nb3 Nxb3 30. Bxb3 Rd7 31. d4 Bxb3 32. axb3 g5 33. Ke2 Kg8 34. Kd3 Kf7 35. c4 f5 36.
Re2 Re7 37. d5 cxd5 38. Rxe7+ Kxe7 39. cxd5 h5 40. Kd4 g4 41. h4 b6 42. b4 Kd7 43.
Ke5 a5 44. cxb6 axb4 45. b7 Kc7 46. d6+ Kxb7 47. Ke6 b3 48. d7 b2 49. d8=Q b1=Q 50.
Qd5+ Kc7 51. Qc5+ Kb7 52. Qe7+ Kc6 53. Qd6+ Kb7 54. Qe7+ Kc6 55. Qd7+ Kb6 56. Qd8+ Kb7 57. Qd7+ Kb6 58. Qd4+ Kb7 59. Qg7+ Kb6 60. Qd4+ Kb7 61.
Qd5+ Kb6 62. Qd8+ Kb7 63. Qd5+ Kb6 64. Qd6+ Kb7 65. Kd7 Qb5+ 66. Ke7 Qe2+ 67. Kd7 Qb5+ 68. Ke7 Qe2+ 69. Kd8 Qxf2 70. Qd7+ Ka6 71. Qd3+ Ka7 72. Qd7+ Ka6 73. Qa4+ Kb7 74. Qd7+ Ka6 75. Qa4+ Kb6 76.
Qb4+ Kc6 77. Qc4+ Qc5 78. Qf7 Qd6+ 79. Kc8 Qc5 80. Qe6+ Kb5+ 81. Kd7 Qa7+ 82. Ke8 Qb8+ 83. Kf7 Qb7+ 84. Kg6 Qc6 85. Qxc6+ Kxc6 86. Kxh5 f3 87. gxf3 gxf3 88. Kg5 f2 89. h5 f1=Q 90. h6 Qh3 91. h7 Qxh7 92. Kf6 f4 93. Ke5 f3 94. Kf6 f2 95. Kg5 f1=Q 96. Kg4 Qhf5+ 97. Kh4 Q1f4# 0-1

[Event "*** Titled Tuesday Blitz"]
[Site "Chess.com"]
[Date "2018.04.03"]
[Round "2"]
[White "FMAntonio"]
[Black "Vice64"]
[Result "0-1"]
[WhiteElo "2375"]
[BlackElo "2372"]
[TimeControl "180+2"]
[EndTime "13:27:59 PDT"]
[Termination "Vice64 won on time"]

1. d4 Nf6 2. c4 e6 3. Nc3 Bb4 4. e3 O-O 5. Ne2 Re8 6. a3 Bf8 7. Ng3 d6 8. Be2 e5 9. O-O Nc6 10. d5 Ne7 11. Qc2 a5 12. Rb1 c6 13. dxc6 bxc6 14. b4 axb4 15. axb4 d5 16. cxd5 cxd5 17.
Rd1 Be6 18. Bb5 Bd7 19. Bf1 Rc8 20. Qb3 Be6 21. Qb2 Qb6 22. Na4 Qb8 23. Nc5 Bg4 24. f3 Bd7 25. Nxd7 Nxd7 26. Bd2 Nb6 27. Bc3 f6 28.
Ra1 Rc7 29. Be1 Rec8 30. Ba6 Rd8 31. Qb3 Kh8 32. Rdc1 g6 33. Bf1 Rxc1 34. Rxc1 Bh6 35. Rd1 d4 36. exd4 exd4 37. Bf2 Nc6 38. b5 Ne5 39.
Rxd4 Rxd4 40. Bxd4 Qd6 41. Ne2 Kg7 42. f4 Bxf4 43.
g3 Bd2 44. Bg2 Bb4 45. Qc2 Nbc4 46. Bf2 Bc5 47. Nf4 Qb6 48. Bxc5 Qxc5+ 49. Qf2 Qxb5 50.
h3 h5 51. Ne6+ Kf7 52. Ng5+ Ke7 53. Ne4 Qb6 54. Qxb6 Nxb6 55. Kf2 g5 56. Nc3 Nbc4 57. Bd5 Kd6 58. Be4 Kc5 59. Bc2 Kd4 60. Nb5+ Kd5 61. Nc3+ Ke6 62. Ne4 Nd6 63. Bb3+ Ke7 64. Nc5 Nc6 65.
Bd1 Nd4 66. Bxh5 f5 67. Bd1 Kf6 68. Nd7+ Ke6 69. Nc5+ Kd5 70. Nd7 Ne4+ 71. Kg2 Kd6 72. Nf8 Nc3 73. Bh5 Ke5 74. Ng6+ Ke4 75. Ne7 Nc2 76.
Bg6 Ne3+ 77. Kh2 Ke5 78. Nc6+ Kf6 79. Be8 Ne4 80. Nd4 Nf1+ 81. Kg2 Nfxg3 82. Bc6 f4 83. Nf3 Nd6 84. Bd5 Ndf5 85. Bc6 Ne3+ 86. Kf2 Ngf5 87. Ba8 Nd6 88. Nh2 Ndf5 89. Nf3 Ng3 90. Nd2 Kf5 91.
Bf3 Nc2 92. Bc6 Nd4 93. Bd7+ Kf6 94. Bc8 Ndf5 95. Bd7 Nd6 96. Kf3 Ngf5 0-1

[Event "*** Titled Tuesday Blitz"]
[Site "Chess.com"]
[Date "2018.04.03"]
[Round "3"]
[White "Tash_Boy"]
[Black "ruvat"]
[Result "1-0"]
[WhiteElo "2502"]
[BlackElo "2262"]
[TimeControl "180+2"]
[EndTime "13:29:30 PDT"]
[Termination "Tash_Boy won by resignation"]

1. e4 d6 2. d4 Nf6 3. Nc3 g6 4. f4 Bg7 5. Nf3 O-O 6. e5 dxe5 7. fxe5 Nd5 8. Bc4 Be6 9. Nxd5 Bxd5 10. Bxd5 Qxd5 11. Qe2 b5 12. O-O c5 13. Qxb5 Nd7 14.
c4 Qe4 15. Qxd7 1-0

[Event "*** Titled Tuesday Blitz"]
[Site "Chess.com"]
[Date "2018.04.03"]
[Round "3"]
[White "lolo9292"]
[Black "FontVella8"]
[Result "0-1"]
[WhiteElo "1763"]
[BlackElo "1851"]
[TimeControl "180+2"]
[EndTime "13:31:01 PDT"]
[Termination "FontVella8 won by resignation"]

1. e4 e5 2. Nf3 Nc6 3. d4 exd4 4.
Bc4 d6 5. Nxd4 Ne5 6. Bb3 Nf6 7.
Nc3 Be7 8. O-O O-O 9. Re1 c5 10. Nde2 a6 11. a4 c4 12. Ba2 b5 13. axb5 axb5 14. Nxb5 Nxe4 15. Bf4 Qb6 16. Ned4 Bb7 17. Nf5 Bf6 18. Nbxd6 Qxf2+ 19. Kh1 Qxf4 20. Nxb7 Nf2+ 0-1

[Event "*** Titled Tuesday Blitz"]
[Site "Chess.com"]
[Date "2018.04.03"]
[Round "3"]
[White "Princec7"]
[Black "vsuri97"]
[Result "1-0"]
[WhiteElo "2431"]
[BlackElo "2624"]
[TimeControl "180+2"]
[EndTime "13:31:05 PDT"]
[Termination "Princec7 won by resignation"]

1. e4 e5 2. Nf3 Nc6 3. Bb5 Nf6 4. O-O Nxe4 5. Re1 Nd6 6. Nxe5 Nxe5 7. Rxe5+ Be7 8.
Bf1 O-O 9. Nc3 c6 10. d4 Bf6 11. Re1 Nf5 12. Ne2 d5 13. c3 g6 14. Ng3 Ng7 15. Bf4 h6 16. Bxh6 1-0

[Event "*** Titled Tuesday Blitz"]
[Site "Chess.com"]
[Date "2018.04.03"]
[Round "3"]
[White "BKMZBKMZ"]
[Black "GMMelik"]
[Result "1-0"]
[WhiteElo "2584"]
[BlackElo "2383"]
[TimeControl "180+2"]
[EndTime "13:31:57 PDT"]
[Termination "BKMZBKMZ won by resignation"]

1. e4 e5 2. Nf3 Nc6 3. d4 exd4 4.
Nxd4 Nf6 5. Nxc6 bxc6 6. e5 Qe7 7. Qe2 Nd5 8. h4 f6 9. c4 Nb6 10. exf6 gxf6 11. b3 Qxe2+ 12. Bxe2 Bg7 13. Bh5+ Kf8 14. Bb2 f5 15. Nc3 d5 16. O-O-O Be6 17. Rhe1 Bf7 18.
Bxf7 Kxf7 19. cxd5 cxd5 20. Nxd5 Bxb2+ 21. Kxb2 Rhe8 22. Nxc7 Rxe1 23. Rxe1 Rd8 24. Re2 f4 25. Ne6 1-0

[Event "*** Titled Tuesday Blitz"]
[Site "Chess.com"]
[Date "2018.04.03"]
[Round "3"]
[White "joppie2"]
[Black "DiogenesSinopeus"]
[Result "0-1"]
[WhiteElo "2668"]
[BlackElo "2432"]
[TimeControl "180+2"]
[EndTime "13:32:25 PDT"]
[Termination "DiogenesSinopeus won by checkmate"]

1. e4 e5 2. f4 Bc5 3. Nf3 d6 4.
Nc3 Nf6 5. Bc4 Nc6 6. d3 Bg4 7. Na4 O-O 8. Nxc5 dxc5 9. h3 Bxf3 10. Qxf3 b5 11. Bb3 Nd4 12. Qf2 c4 13. dxc4 Nxe4 14. Qe3 Qh4+ 15. Kf1 Ng3+ 16. Kg1 exf4 17. Qf2 Rae8 18.
Kh2 Re2 19. Qxf4 Nh5 20. Qxh4 Nf3# 0-1

[Event "*** Titled Tuesday Blitz"]
[Site "Chess.com"]
[Date "2018.04.03"]
[Round "3"]
[White "Vice64"]
[Black "Patzel09"]
[Result "0-1"]
[WhiteElo "2366"]
[BlackElo "2531"]
[TimeControl "180+2"]
[EndTime "13:32:35 PDT"]
[Termination "Patzel09 won by resignation"]

1. e4 g6 2. d4 Bg7 3. Nf3 c6 4. Nc3 d5 5. e5 h5 6. h3 Nh6 7. Bf4 Nd7 8. Qd3 Nf8 9. Qd2 Ne6 10. Bh2 Nf5 11. Ne2 c5 12. g4 hxg4 13. hxg4 Nfxd4 14. Nexd4 Nxd4 15. Nxd4 cxd4 16. Qxd4 Qb6 17. Qxb6 axb6 18. Bb5+ Kf8 19. O-O-O Bxg4 20. Rd3 Bxe5 21. Rg1 Rxh2 22. Rxg4 Rxa2 23. Rxd5 Rxf2 24. Kb1 Rxb2+ 0-1

[Event "*** Titled Tuesday Blitz"]
[Site "Chess.com"]
[Date "2018.04.03"]
[Round "3"]
[White "Oleksandr_Bortnyk"]
[Black "comedy_of_errors"]
[Result "1-0"]
[WhiteElo "2806"]
[BlackElo "2427"]
[TimeControl "180+2"]
[EndTime "13:32:39 PDT"]
[Termination "Oleksandr_Bortnyk won by resignation"]

1. d4 Nf6 2. Nc3 d5 3. Bf4 c6 4.
e3 Bf5 5. Nf3 e6 6. Ne5 Nbd7 7. g4 Bg6 8. h4 h5 9. Nxg6 fxg6 10.
g5 Ng8 11. Bh3 Kf7 12. Qf3 Qc8 13. Bd6+ Ke8 14. Bxe6 Bxd6 15. Qf7+ Kd8 16. Qxg7 Kc7 17.
Qxh8 Ne7 18. Qxc8+ Rxc8 19. Ne2 Rf8 20. Bxd7 Kxd7 21.
Rh3 Nf5 22. c3 b5 23. a3 a5 24. Nc1 a4 25. Nd3 Ke6 26. Kd2 Rf7 27. Re1 Kd7 28. e4 dxe4 29. Rxe4 Ne7 30. Ke2 Nd5 31. Rf3 Rg7 32.
Ne5+ Bxe5 33. Rxe5 Ne7 34. Rf6 Nf5 35. Rexf5 gxf5 36. Rxf5 1-0

[Event "*** Titled Tuesday Blitz"]
[Site "Chess.com"]
[Date "2018.04.03"]
[Round "3"]
[White "Karina_Oparina"]
[Black "dimke2802"]
[Result "0-1"]
[WhiteElo "2140"]
[BlackElo "2322"]
[TimeControl "180+2"]
[EndTime "13:32:51 PDT"]
[Termination "dimke2802 won by resignation"]

1. Nf3 Nf6 2. g3 g6 3. Bg2 Bg7 4. d4 O-O 5. O-O d6 6. c4 c6 7.
b3 Nbd7 8. Bb2 Re8 9. Nc3 e5 10. e4 exd4 11. Nxd4 Nc5 12. Qc2 a5 13. h3 h5 14. Rfe1 Qb6 15. Rad1 Bd7 16. a3 Rad8 17.
Kh2 Bc8 18. f4 Nfd7 19. Nce2 Nf6 20. Nc3 Re7 21. Re2 Rde8 22. Rde1 Nfd7 23. Nd1 Bxd4 24. Bxd4 Qxb3 25. Qxb3 Nxb3 26. Bf6 Nxf6 0-1

[Event "*** Titled Tuesday Blitz"]
[Site "Chess.com"]
[Date "2018.04.03"]
[Round "3"]
[White "TastyFrenchFries"]
[Black "PrinceMurad09"]
[Result "1-0"]
[WhiteElo "2302"]
[BlackElo "2319"]
[TimeControl "180+2"]
[EndTime "13:32:59 PDT"]
[Termination "TastyFrenchFries won by resignation"]

1. e4 c5 2. Nf3 d6 3. Bb5+ Nd7 4.
O-O a6 5. Bd3 g6 6. c3 Bg7 7.
Bc2 e6 8. d3 Ngf6 9. Nbd2 O-O 10. h3 b5 11. Re1 Bb7 12. Nf1 Qc7 13. Bg5 h6 14. Bd2 Rac8 15. Ng3 d5 16. a4 dxe4 17. Nxe4 Rfd8 18. Nxf6+ Nxf6 19. axb5 axb5 20. Qe2 Nd5 21. Ne5 b4 22. Bb3 Ne7 23. Nxf7 Kxf7 24. Qxe6+ Ke8 25.
Qf7+ Kd7 26. Rxe7+ 1-0

[Event "*** Titled Tuesday Blitz"]
[Site "Chess.com"]
[Date "2018.04.03"]
[Round "3"]
[White "maximlavrov"]
[Black "r31415"]
[Result "1-0"]
[WhiteElo "2369"]
[BlackElo "2187"]
[TimeControl "180+2"]
[EndTime "13:33:05 PDT"]
[Termination "maximlavrov won by resignation"]

1. g3 g6 2. Nf3 Bg7 3. Bg2 d6 4.
O-O f5 5. c4 Nf6 6. Nc3 O-O 7. d4 c6 8. b3 Qa5 9. Qc2 e5 10. dxe5 dxe5 11. a3 Qc7 12. e4 f4 13.
c5 a5 14. Na4 Be6 15. Ng5 Qe7 16. Nxe6 Qxe6 17. Nb6 Ra6 18. Rd1 Nbd7 19. Nxd7 Nxd7 20.
Bf1 Kh8 21. Bxa6 bxa6 22. Rd3 f3 23. Qd1 Nxc5 24. Rxf3 Nxb3 25. Qxb3 1-0

[Event "*** Titled Tuesday Blitz"]
[Site "Chess.com"]
[Date "2018.04.03"]
[Round "3"]
[White "Zhuu96"]
[Black "TrimitziosP7"]
[Result "0-1"]
[WhiteElo "2750"]
[BlackElo "2619"]
[TimeControl "180+2"]
[EndTime "13:33:10 PDT"]
[Termination "TrimitziosP7 won by resignation"]

1. e4 e5 2. Nf3 Nc6 3. Bc4 Bc5 4.
d3 d6 5. Nbd2 Nf6 6. h3 h6 7. a3 a6 8. b4 Ba7 9. Bb2 Be6 10. Qe2 O-O 11. O-O-O b5 12. Bxe6 fxe6 13. Nb3 Nh5 14. g3 Qf6 15. Nh4 Qg5+ 16. f4 Nxg3 17. fxg5 Nxe2+ 18. Kb1 hxg5 19. Ng2 Rf2 20. Ne1 Raf8 21.
Nc1 Bd4 22. Nxe2 Rxe2 23. Bc1 Rff2 24. Bxg5 Bc3 25. Bh4 Rh2 26. Rg1 Bxe1 27. Bxe1 Rxc2 28. Bg3 Rb2+ 29. Ka1 Rhe2 30. Rge1 Ra2+ 31. Kb1 Reb2+ 32. Kc1 Nd4 0-1

[Event "*** Titled Tuesday Blitz"]
[Site "Chess.com"]
[Date "2018.04.03"]
[Round "3"]
[White "denizozen"]
[Black "Blitzstream"]
[Result "1-0"]
[WhiteElo "2632"]
[BlackElo "2451"]
[TimeControl "180+2"]
[EndTime "13:33:59 PDT"]
[Termination "denizozen won by resignation"]

1. e4 d5 2. exd5 Qxd5 3. d4 Nc6 4. Nf3 Bg4 5. c4 Qh5 6. d5 O-O-O 7. Nbd2 Nd4 8. Qa4 Bxf3 9. gxf3 Kb8 10. Bg2 e6 11. O-O Ne2+ 12. Kh1 Bd6 13. h3 Qe5 14. f4 Qxf4 15. Nf3 Nxc1 16. Raxc1 exd5 17. Qb3 dxc4 18. Rxc4 Qh6 19. Ne5 b6 20. Qf3 1-0

[Event "*** Titled Tuesday Blitz"]
[Site "Chess.com"]
[Date "2018.04.03"]
[Round "3"]
[White "Generalas"]
[Black "RichardABates"]
[Result "1-0"]
[WhiteElo "2189"]
[BlackElo "2072"]
[TimeControl "180+2"]
[EndTime "13:34:08 PDT"]
[Termination "Generalas won by resignation"]

1. e4 c5 2. c3 e6 3. d4 Nf6 4. e5 Nd5 5. c4 Nb6 6. d5 d6 7.
exd6 Bxd6 8. Nc3 O-O 9. Nf3 exd5 10. cxd5 Bf5 11. Be2 N8d7 12. Bg5 Qe8 13. O-O f6 14. Bh4 Qg6 15. Bg3 Bxg3 16. hxg3 Qf7 17. a4 Rad8 18.
Qb3 Rfe8 19. Rfe1 Nf8 20. Nh4 Bc8 21. a5 Nbd7 22. Nf5 Ne5 23. Ne3 Nfg6 24. Rad1 Ne7 25. f4 N5g6 26. Bc4 Rd6 27. Nb5 Rdd8 28. d6 Nd5 29. Bxd5 Be6 1-0

[Event "*** Titled Tuesday Blitz"]
[Site "Chess.com"]
[Date "2018.04.03"]
[Round "3"]
[White "PenguinPacks"]
[Black "Goala"]
[Result "0-1"]
[WhiteElo "2146"]
[BlackElo "2332"]
[TimeControl "180+2"]
[EndTime "13:34:27 PDT"]
[Termination "Goala won by resignation"]

1. d4 e6 2. c4 Nf6 3. g3 c5 4. d5 exd5 5. cxd5 d6 6. Nc3 g6 7.
Bg2 Bg7 8. Nf3 O-O 9. O-O a6 10. a4 Nh5 11. Nd2 Nd7 12. Nc4 Ne5 13. Nxe5 Bxe5 14. f4 Bd4+ 15. e3 Bg7 16. e4 Bd4+ 17. Kh1 Bd7 18. a5 Re8 19. Qf3 Bb5 20. Nxb5 axb5 21.
Bd2 Nf6 22. Qb3 Nxe4 23. Bxe4 Rxe4 24. Qxb5 Qe8 25. Rae1 Rxe1 26. Rxe1 Qxb5 0-1

[Event "*** Titled Tuesday Blitz"]
[Site "Chess.com"]
[Date "2018.04.03"]
[Round "3"]
[White "ViktorMatviishen"]
[Black "Vrolijk"]
[Result "1-0"]
[WhiteElo "2558"]
[BlackElo "2492"]
[TimeControl "180+2"]
[EndTime "13:34:29 PDT"]
[Termination "ViktorMatviishen won by checkmate"]

1. d4 e6 2. c4 b6 3. e4 Bb4+ 4. Nc3 Bb7 5. Bd3 f5 6. f3 fxe4 7. fxe4 Bxe4 8. Qh5+ g6 9. Qe5 Bxd3 10. Qxh8 Qh4+ 11.
g3 Qe4+ 12. Kf2 Qxh1 13. Qxg8+ Bf8 14. Qxh7 Nc6 15. Bg5 Nxd4 16. Rd1 Nf5 17. Rxd3 Bc5+ 18. Ke2 Qg2+ 19. Kd1 Qxg1+ 20. Kc2 Qg2+ 21. Kb3 Be7 22. Qg8+ Bf8 23. Qxg6# 1-0

[Event "*** Titled Tuesday Blitz"]
[Site "Chess.com"]
[Date "2018.04.03"]
[Round "3"]
[White "chorejason"]
[Black "Perecke"]
[Result "0-1"]
[WhiteElo "2071"]
[BlackElo "1898"]
[TimeControl "180+2"]
[EndTime "13:34:29 PDT"]
[Termination "Perecke won by checkmate"]

1. e4 e5 2. Nf3 Nc6 3. Bb5 a6 4. Ba4 d6 5. d4 b5 6. Bb3 exd4 7.
Bd5 Bb7 8. Nxd4 Qd7 9. O-O Nf6 10. Re1 Be7 11. e5 Nxd5 12. exd6 cxd6 13. Nf3 Nf6 14. Nc3 O-O 15. Bg5 Rfe8 16. Qd2 Rad8 17. a3 Ne5 18.
Nd4 Nc4 19. Qc1 h6 20. Bxh6 gxh6 21. Qxh6 Qg4 22. b3 Qxg2# 0-1

[Event "*** Titled Tuesday Blitz"]
[Site "Chess.com"]
[Date "2018.04.03"]
[Round "3"]
[White "JozefKneht"]
[Black "severomorskij"]
[Result "0-1"]
[WhiteElo "2414"]
[BlackElo "2668"]
[TimeControl "180+2"]
[EndTime "13:34:34 PDT"]
[Termination "severomorskij won by resignation"]

1. e4 c5 2. Nf3 Nc6 3. d4 cxd4 4. Nxd4 e5 5. Nb5 d6 6. c4 Be7 7. b3 f5 8. exf5 Bxf5 9. Bd3 e4 10. Be2 a6 11. N5c3 Nf6 12. O-O O-O 13. Bg5 Kh8 14. Qd2 h6 15. Bh4 b5 16. cxb5 axb5 17. Nxb5 d5 18. Nd4 Nxd4 19. Qxd4 Rc8 20. Nc3 Qa5 21. Rac1 Ba3 22. Bxf6 gxf6 23. Nxd5 Bxc1 24. Ne7 Rcd8 25. Qa1 Bd2 26. Nc6 Qc3 27. Nxd8 Qxa1 28. Rxa1 Rxd8 29. Bc4 e3 30. a4 Bc3 31. Rc1 Bd4 0-1

[Event "*** Titled Tuesday Blitz"]
[Site "Chess.com"]
[Date "2018.04.03"]
[Round "3"]
[White "Supernotar"]
[Black "Aariow"]
[Result "0-1"]
[WhiteElo "2175"]
[BlackElo "2333"]
[TimeControl "180+2"]
[EndTime "13:34:36 PDT"]
[Termination "Aariow won by resignation"]

1. d4 d5 2. c4 c6 3. e3 Nf6 4. Bd3 e6 5. Nf3 Nbd7 6. Nbd2 Be7 7. O-O O-O 8. e4 dxe4 9. Nxe4 b6 10. Qe2 Bb7 11. b3 c5 12. Nxf6+ Bxf6 13. Bb2 Bxf3 14. Qxf3 cxd4 15. Qe4 g6 16. Bxd4 Bxd4 17. Qxd4 Nc5 18.
Qxd8 Raxd8 19. Bc2 Rd2 20. Rac1 Rfd8 21. g3 e5 22.
Rfd1 f5 23. Kf1 Kf7 24. Ke1 R2d4 25. Rxd4 exd4 26. Kd2 d3 27. Bb1 Ne4+ 28. Ke3 d2 29. Rf1 d1=Q 30. Rxd1 Rxd1 31. Bd3 Nxf2 32. Be2 Ng4+ 33.
Kf3 Nxh2+ 34. Kg2 Rd2 35. Kf2 Ng4+ 36. Kf3 Kf6 37. a4 Ke5 38. b4 Rb2 39. b5 Rb3+ 40.
Kg2 Re3 41. Bf3 Rc3 42. Bd5 Ne3+ 43. Kh3 Nxd5 44. cxd5 f4 45. d6 Rxg3+ 46. Kh4 g5+ 47. Kh5 Kxd6 48. a5 f3 49. a6 Rh3+ 50. Kg4 Rh4+ 51.
Kxf3 Rf4+ 52. Ke3 Kc5 53. Kd3 Kxb5 54. Ke3 Kxa6 55. Kd3 Kb5 56. Ke3 Kc6 57. Kd3 a6 58. Ke3 a5 59. Kd3 b5 60. Ke3 Kc5 61. Kd3 h6 62.
Ke3 h5 63. Kd3 Kd5 64. Ke3 Ke5 65. Kd2 Kf5 66. Ke3 Rc4 67. Kd2 Ke4 68. Ke2 Rc2+ 69.
Kd1 Ra2 70. Ke1 a4 71. Kf1 b4 72. Kg1 b3 73. Kf1 a3 74. Ke1 Kf5 75. Kd1 Kg6 76. Kc1 Kh7 77. Kb1 Kg7 78. Kc1 Kf8 79.
Kb1 Ke8 80. Kc1 Kd8 81. Kb1 Kd7 82. Kc1 Kc8 83. Kb1 Kc7 84. Kc1 Kb8 85. Kb1 Kb7 86.
Kc1 h4 87. Kb1 g4 88. Kc1 Ka8 89. Kb1 Ka7 90. Kc1 Ka6 91. Kb1 Ka5 92. Kc1 Ka4 93.
Kb1 Kb4 94. Kc1 Kb5 95. Kb1 Kb6 96. Kc1 Kc5 97. Kb1 Kc4 98. Kc1 Kd4 99. Kb1 Kd5 100.
Kc1 Ke5 101. Kb1 Ke4 102. Kc1 Kf4 103. Kb1 Kf5 104. Kc1 Kg5 105. Kb1 Kh5 106. Kc1 Kg6 107. Kb1 h3 108. Kc1 Kh6 109. Kb1 Kh7 110. Kc1 Kg7 111. Kb1 Kg8 112. Kc1 Kf8 113. Kb1 Ke8 114. Kc1 Kd8 115. Kb1 Kd7 116. Kc1 Kd6 117. Kb1 Kd5 118. Kc1 Kd4 119. Kb1 0-1